Map: 乌雷纳

Players

shengy - Winner!

  • Race: Zerg Zerg
  • League: Platinum

SelfSmarted

  • Race: Zerg Zerg
  • League: Diamond

VOD

Have the link to the VOD?

Description

Time

  • Played on: Dec. 27, 2015, 8:45 p.m.
  • Length: 24:31
Show
View Real Time Build Order
Export as new Build Order

shengy Zerg - Winner!

Build Orders: Pool First, Lurkers 

Get SALT Encoding   

  12  0:01  Drone  
  13  0:09  Drone  
  14  0:21  Overlord  
  14  0:39  Drone x3  
  17  0:46  Spawning Pool  
  16  0:51  Drone  
  17  1:01  Extractor  
  17  1:02  Drone  
  17  1:23  Hatchery  
  16  1:33  Queen  
  18  1:45  Zergling x4  
  20  1:50  Overlord  
  20  2:04  Metabolic Boost  
  20  2:06  Drone  
  21  2:09  Drone  
  21  2:15  Queen  
  24  2:25  Zergling x2  
  25  2:36  Drone  
  26  2:37  Baneling Nest  
  25  2:56  Extractor  
  24  2:58  Drone  
  24  2:59  Drone x3  
  24  3:00  Roach Warren  
  27  3:12  Overlord  
  27  3:14  Drone  
  28  3:21  Drone x2  
  28  3:26  Baneling x3  
  29  3:27  Baneling  
  29  3:30  Zergling x2  
  30  3:46  Overlord  
  30  4:00  Drone x3  
  33  4:08  Roach x4  
  41  4:17  Lair  
  41  4:20  Zergling x2  
  41  4:21  Zergling x2  
  43  4:27  Overlord  
  43  4:30  Drone  
  43  4:31  Drone  
  45  4:45  Roach x3  
  51  4:46  Roach  
  51  4:51  Drone x2  
  55  4:53  Drone  
  56  5:02  Overlord  
  56  5:03  Drone x2  
  58  5:09  Extractor  
  57  5:22  Roach  
  57  5:23  Roach x3  
  62  5:37  Overlord  
  62  5:38  Overlord  
  62  5:45  Evolution Chamber  
  62  5:46  Evolution Chamber  
  62  5:48  Roach x3  
  66  5:52  Zergling x2  
  67  6:00  Drone x2  
  67  6:01  Drone  
  70  6:14  Ravager x3  
  70  6:15  Ravager x2  
  70  6:16  Ravager  
  70  6:18  Roach x3  
  82  6:20  Overlord x2  
  82  6:25  Drone  
  83  6:27  Overseer  
  83  6:34  Zerg Missile Weapons Level 1  
  83  6:41  Glial Reconstitution  
  83  6:43  Drone x3  
  86  7:09  Zergling x12  
  86  7:12  Baneling  
  86  7:13  Baneling x2  
  86  7:14  Roach x3  
  98  7:16  Ravager  
  98  7:18  Overlord x2  
  99  7:34  Baneling x2  
  99  7:35  Baneling x2  
  99  7:36  Roach  
  101  7:38  Roach  
  103  7:46  Hatchery  
  102  7:53  Extractor  
  102  7:55  Hydralisk Den  
  100  7:59  Zerg Ground Armor Level 1  
  79  8:30  Roach x7  
  79  8:31  Roach x3  
  79  8:32  Zergling x8  
  98  8:43  Drone x2  
  100  9:09  Hydralisk  
  100  9:10  Hydralisk x5  
  112  9:22  Queen  
  114  9:24  Overlord  
  114  9:26  Drone x6  
  114  9:29  Extractor  
  114  9:30  Extractor  
  118  9:32  Lurker Den  
  118  9:45  Overlord  
  113  10:00  Roach x5  
  113  10:02  Overlord x2  
  100  10:37  Overlord  
  100  10:41  Hydralisk x4, Roach x3  
  100  10:42  Roach x3  
  120  10:48  Overseer  
  120  11:03  Lurker x4  
  120  11:04  Lurker  
  125  11:07  Lurker  
  126  11:18  Overseer  
  126  11:19  Hydralisk  
  126  11:20  Zergling x2  
  126  11:21  Zergling x14  
  136  11:27  Overseer  
  136  11:41  Hatchery  
  104  12:31  Hydralisk x2, Roach x10  
  128  13:05  Roach  
  128  13:06  Roach x5  
  77  13:33  Hydralisk x2  
  77  13:34  Hydralisk x4  
  79  13:36  Lurker  
  79  13:40  Ravager  
  79  13:41  Ravager  
  92  13:42  Ravager x2  
  94  13:56  Drone  
  94  13:57  Drone x6  
  98  14:11  Drone x2  
  98  14:12  Drone  
  101  14:18  Spire  
  101  14:20  Muscular Augments  
  101  14:31  Lurker  
  101  14:32  Lurker x3  
  101  14:38  Extractor  
  103  14:40  Hatchery  
  103  14:43  Extractor  
  101  14:58  Zerg Ground Armor Level 2, Zerg Missile Weapons Level 2  
  101  15:02  Drone  
  101  15:03  Drone x8  
  110  15:20  Pneumatized Carapace  
  110  15:21  Zergling x8  
  114  15:46  Mutalisk x6  
  122  16:13  Roach  
  122  16:14  Roach x9  
  142  16:21  Queen  
  142  16:22  Drone  
  143  16:54  Mutalisk x8  
  130  17:12  Lurker x2  
  132  17:24  Centrifical Hooks  
  132  17:27  Zergling x36  
  132  17:28  Zergling x8  
  150  18:19  Baneling x12  
  148  18:20  Baneling x28  
  148  18:21  Baneling x3  
  148  18:22  Zergling x2  
  148  18:23  Zergling x22  
  148  18:26  Overlord  
  148  18:27  Overlord x2  
  160  18:42  Baneling x5  
  157  19:13  Infestation Pit  
  156  19:23  Hydralisk x5  
  156  19:24  Hydralisk x7  
  106  20:08  Roach x2  
  106  20:09  Roach x20  
  106  20:11  Lurker  
  102  21:01  Roach x3  
  102  21:02  Roach x15  
  110  21:05  Lurker x3  
  113  21:19  Hive  
  113  21:23  Hatchery  
  112  21:54  Hydralisk  
  112  21:55  Hydralisk x8  
  112  22:00  Ravager  
  131  22:09  Extractor x2  
  131  22:14  Mutalisk  
  128  22:41  Zergling x4  
  128  22:43  Zergling x14  
  128  22:44  Zergling x14  
  144  22:45  Zergling x4  
  144  22:46  Zergling x4  
  142  23:14  Ultralisk Cavern  
  136  23:24  Lurker x5  
  140  23:33  Hydralisk  
  135  23:34  Hydralisk x4  
  135  23:35  Hydralisk x4  
Show
View Real Time Build Order
Export as new Build Order

SelfSmarted Zerg 

Build Orders: Hatch First, Lurkers 

Get SALT Encoding   

  12  0:01  Drone  
  13  0:12  Overlord  
  13  0:17  Drone  
  14  0:30  Drone x2  
  14  0:34  Drone  
  17  0:57  Drone  
  17  0:58  Hatchery  
  17  1:00  Extractor  
  17  1:03  Drone  
  17  1:16  Spawning Pool  
  16  1:20  Drone  
  16  1:24  Drone  
  18  1:30  Drone  
  19  1:40  Drone  
  20  2:02  Metabolic Boost  
  20  2:10  Queen x2  
  20  2:15  Zergling x4  
  26  2:17  Spine Crawler  
  25  2:25  Baneling Nest  
  25  2:26  Zergling x2  
  25  2:29  Zergling x2  
  26  2:55  Zergling x4  
  28  3:00  Overlord  
  27  3:11  Baneling x2  
  27  3:12  Baneling x2  
  27  3:15  Overlord  
  27  3:19  Drone x2  
  29  3:20  Drone x3  
  32  3:32  Drone x3  
  35  3:40  Zergling x4  
  35  3:41  Zergling x2  
  38  3:45  Drone  
  39  4:01  Roach Warren  
  38  4:03  Overlord  
  38  4:04  Drone x2  
  38  4:05  Drone  
  38  4:07  Overlord  
  41  4:21  Extractor  
  40  4:26  Zergling x2  
  41  4:46  Roach  
  41  4:47  Roach x8  
  41  4:50  Overlord x2  
  59  4:57  Drone  
  59  5:01  Overlord  
  59  5:11  Drone  
  59  5:12  Drone x2  
  62  5:35  Drone x6  
  67  5:36  Drone  
  67  5:38  Extractor  
  67  5:40  Extractor  
  67  5:52  Zergling x2  
  68  5:58  Evolution Chamber, Drone x5  
  68  5:59  Hatchery, Drone  
  68  6:00  Evolution Chamber  
  72  6:11  Ravager x2  
  72  6:12  Ravager x4  
  77  6:22  Roach x3  
  77  6:24  Overlord x2  
  83  6:27  Zerg Missile Weapons Level 1  
  83  6:38  Zerg Ground Armor Level 1  
  83  6:41  Overlord x2  
  83  6:47  Queen  
  83  6:48  Drone x2  
  87  6:55  Overlord  
  86  7:02  Roach x2  
  86  7:03  Roach x2  
  86  7:07  Drone  
  86  7:08  Drone  
  96  7:10  Drone  
  96  7:12  Drone x2  
  96  7:14  Drone  
  100  7:36  Lair  
  100  7:43  Spore Crawler  
  99  7:44  Roach  
  99  7:45  Roach x8  
  99  7:51  Ravager x4  
  121  7:52  Ravager  
  121  7:56  Extractor  
  121  7:57  Extractor  
  120  8:02  Drone x2  
  122  8:06  Overlord  
  122  8:07  Overlord x2  
  109  8:32  Drone  
  109  8:33  Drone x3  
  109  8:34  Drone x2  
  115  8:42  Zerg Missile Weapons Level 2  
  115  8:43  Zerg Ground Armor Level 2  
  115  8:44  Infestation Pit  
  114  9:11  Ravager x5  
  114  9:12  Ravager  
  114  9:13  Zergling x2  
  114  9:14  Zergling x28  
  135  9:29  Queen  
  137  9:32  Zergling x2  
  137  9:33  Zergling x4  
  131  10:01  Pathogen Glands  
  131  10:06  Hydralisk Den  
  112  10:44  Drone x3  
  112  10:45  Drone x2  
  112  10:49  Lurker Den  
  117  10:51  Hydralisk x4  
  117  10:53  Hydralisk x5  
  135  10:59  Pneumatized Carapace  
  135  11:00  Overseer x5  
  135  11:08  Zergling x4  
  135  11:09  Zergling x4  
  139  11:31  Hatchery  
  112  12:05  Hydralisk x6  
  112  12:06  Hydralisk x6  
  114  12:19  Lurker  
  114  12:20  Lurker x2  
  100  12:32  Lurker x2  
  100  12:33  Lurker  
  100  12:34  Lurker x3  
  104  12:37  Zergling x2  
  104  12:38  Zergling x16  
  113  12:47  Lurker  
  113  12:48  Lurker  
  113  12:49  Lurker x2  
  93  13:18  Roach x5  
  93  13:19  Roach  
  84  13:35  Roach x2  
  84  13:38  Hatchery  
  87  13:42  Ravager  
  87  13:43  Hatchery, Ravager x2  
  87  13:46  Hydralisk x2  
  93  13:50  Ravager x3  
  96  14:06  Hydralisk x4  
  104  14:14  Hive  
  104  14:30  Roach  
  116  14:31  Roach x5  
  116  14:33  Lurker x2  
  118  14:52  Queen  
  120  14:57  Hatchery  
  119  15:01  Ravager x4  
  119  15:02  Ravager  
  119  15:07  Ravager x3  
  127  15:09  Zergling x8  
  127  15:10  Zergling x12  
  137  15:20  Drone x3  
  137  15:21  Drone x6  
  146  15:34  Spire  
  145  15:40  Viper x2  
  150  15:50  Evolution Chamber  
  149  16:00  Queen  
  149  16:01  Zerg Ground Armor Level 3  
  147  16:28  Viper x2  
  153  16:46  Hydralisk x2  
  153  16:47  Hydralisk  
  111  17:10  Roach  
  111  17:11  Hydralisk x2, Roach x16  
  145  17:38  Ravager  
  145  17:39  Ravager x3  
  145  17:40  Zergling x2  
  145  17:41  Zergling x16  
  158  17:46  Overlord x2  
  153  18:11  Hydralisk  
  153  18:12  Hydralisk x6  
  157  18:19  Drone x8  
  173  18:25  Evolution Chamber  
  173  18:27  Evolution Chamber  
  171  18:29  Zergling x4  
  171  18:32  Overlord x3  
  173  18:39  Extractor  
  173  18:40  Muscular Augments  
  172  18:41  Glial Reconstitution  
  172  18:45  Extractor  
  154  19:12  Drone x2  
  154  19:13  Drone x5  
  111  20:02  Roach  
  111  20:03  Roach x14  
  111  20:41  Hydralisk x4  
  111  20:42  Hydralisk  
  76  21:04  Drone x13  
  72  21:05  Drone x2  
  86  21:25  Roach  
  88  21:26  Roach x4  
  96  21:35  Overseer  
  82  21:57  Hydralisk  
  82  21:58  Hydralisk x4  
  83  22:23  Hydralisk x3  
  89  22:39  Zergling x4  
  89  22:40  Zergling x26  
  101  23:50  Evolution Chamber  
  101  23:51  Evolution Chamber  
Tags
 
Add a new tag
Caveats
  • Supply blocks, unpowered buildings, or Contaminate may cause inaccurate times.
  • Supply counts are checked every 10 seconds.